 Dungeon Crawl Stone Soup version 0.30.0-5-g1a98f26d00 (webtiles) character file.

Game seed: 13830606009086171663

76281 shadowrider38 the Warrior (level 15, -2/149 HPs)
             Began as a Hill Orc Air Elementalist on May 12, 2023.
             Was the Champion of Beogh (penitent).
             Slain by Bogdan the orc knight
             ... wielding a +0 falchion
              (7 damage)
             ... on level 2 of the Orcish Mines.
             The game lasted 00:34:41 (22982 turns).

shadowrider38 the Warrior (HOAE)                   Turns: 22982, Time: 00:34:42

Health: -2/149     AC: 29    Str: 19    XL:     15   Next: 53%
Magic:  20/20      EV:  7    Int: 15    God:    Beogh [******]
Gold:   3214       SH: 16    Dex: 11    Spells: 11/17 levels left

rFire   . . .        a - +9 broad axe (freeze)
rCold   . . .        h - +0 kite shield
rNeg    . . .        k - +0 plate armour
rPois   .            J - +2 helmet
rElec   .            (no cloak)
rCorr   .            I - +2 pair of gloves
SInv    .            x - +1 pair of boots
Will    +....        D - amulet of reflection Stlth
                     C - +4 ring of protection
HPRegen 0.44/turn    y - +4 ring of slaying
MPRegen 0.17/turn

%: reflection
@: no status effects
A: no striking features
a: Renounce Religion


You were on level 2 of the Orcish Mines.
You worshipped Beogh.
Beogh was demanding penance.
You visited 3 branches of the dungeon, and saw 20 of its levels.
You also visited: Ice Cave.

You collected 3214 gold pieces.

Inventory:

Hand Weapons
 a - a +9 broad axe of freezing (weapon)
 b - a +1 heavy flail
 Y - a +1 spectral war axe
Missiles
 v - 4 javelins (quivered)
Armour
 h - a +0 kite shield (worn)
 k - a +0 plate armour (worn)
 x - a +1 pair of boots (worn)
 I - a +2 pair of gloves (worn)
 J - a +2 helmet (worn)
 X - the +0 chain mail of the Undertaker {Will++ Regen+ Slay-5}
   (You found it on level 4 of the Lair of Beasts)

   Slay:      It affects your accuracy & damage with ranged weapons and melee
   (-5).
   Regen:     It increases your rate of health regeneration.
   Will:      It greatly increases your willpower.
Magical Staves
 U - a staff of fire
Jewellery
 c - a ring of protection from cold
 e - the ring of Aheud {Fire rElec Str+5 Int+3}
   (You found it on level 2 of the Lair of Beasts)

   [ring of fire]

   It enhances your fire magic.
   Str:       It affects your strength (+5).
   Int:       It affects your intelligence (+3).
   rF:        It protects you from fire.
   rC:        It makes you vulnerable to cold.
   rElec:     It insulates you from electricity.
 f - a ring of protection from fire
 o - a ring of poison resistance
 y - a +4 ring of slaying (right hand)
 C - a +4 ring of protection (left hand)
 D - an amulet of reflection (around neck)
 O - a ring of flight
Wands
 u - a wand of roots (8)
 A - a wand of light (8)
 E - a wand of charming (4)
 R - a wand of polymorph (8)
 V - a wand of flame (18)
Scrolls
 g - a scroll of torment {unknown}
 n - 2 scrolls of immolation
 p - 3 scrolls of enchant weapon
 r - 3 scrolls of vulnerability
 B - 3 scrolls of blinking
 F - a scroll of acquirement
 G - a scroll of fog
 L - 8 scrolls of fear
 S - 2 scrolls of poison
 T - 6 scrolls of teleportation
 W - a scroll of silence {!r}
 Z - a scroll of butterflies {unknown}
Potions
 d - 6 potions of magic
 i - 4 potions of lignification
 j - 3 potions of ambrosia
 l - 7 potions of flight
 m - 2 potions of brilliance
 q - 2 potions of heal wounds
 s - 2 potions of resistance
 t - a potion of might
 w - a potion of berserk rage
 z - 2 potions of attraction {unknown}
 H - 4 potions of haste
 N - 3 potions of cancellation
 P - 3 potions of invisibility
 Q - 5 potions of curing
Miscellaneous
 K - a phantom mirror (inert)
 M - a lightning rod (1/4)


   Skills:
 + Level 18.2 Fighting
 - Level 18.0 Axes
 + Level 12.3 Armour
 + Level 4.7 Dodging
 - Level 1.5 Stealth
 + Level 12.3 Shields
 - Level 1.5 Spellcasting
 - Level 1.0 Conjurations
 - Level 2.4 Air Magic
 - Level 6.7 Invocations


You had 11 spell levels left.
You knew the following spells:

 Your Spells              Type           Power      Damage    Failure   Level
a - Shock                 Conj/Air       24%        1d4       97%         1
b - Static Discharge      Conj/Air       12%        2-3/arc   99%         2
c - Swiftness             Air            8%         N/A       100%        3

Your spell library contained the following spells:

 Spells                   Type           Power      Damage    Failure   Level
 Foxfire                  Conj/Fire      8%         2x1d4     99%         1
 Necrotise                Necr           4%         1d4       100%        1
 Blink                    Tloc           2%         N/A       100%        2
 Cigotuvi's Dreadful Rot  Necr/Pois/Air  6%         N/A       100%        2
 Lesser Beckoning         Tloc           2%         N/A       100%        2
 Momentum Strike          Conj/Tloc      4%         3d8       100%        2
 Dazzling Flash           Conj/Hex       4%         N/A       100%        3
 Gell's Gravitas          Tloc           1%         N/A       100%        3
 Hailstorm                Conj/Ice       2%         3d3       100%        3
 Ignite Poison            Fire/Tmut/Pois 1%         N/A       100%        3
 Teleport Other           Tloc           1%         N/A       100%        3
 Vampiric Draining        Necr           1%         2d6       100%        3
 Airstrike                Air            4%         2d(1-17)  100%        4
 Ice Form                 Ice/Tmut       1%         N/A       100%        4
 Leda's Liquefaction      Hex/Erth       0%         N/A       100%        4
 Summon Ice Beast         Ice/Summ       1%         N/A       100%        4
 Summon Lightning Spire   Summ/Air       4%         N/A       100%        4
 Agony                    Necr           1%         N/A       100%        5
 Fireball                 Conj/Fire      1%         3d3       100%        5
 Freezing Cloud           Conj/Ice/Air   2%         6-21      100%        5
 Lee's Rapid Deconstruct  Erth           0%         3d4*      100%        5
 Silence                  Hex/Air        2%         N/A       100%        5
 Summon Forest            Summ/Tloc      0%         N/A       100%        5
 Summon Mana Viper        Hex/Summ       1%         N/A       100%        5
 Dispersal                Tloc           0%         N/A       100%        6
 Eringya's Noxious Bog    Tmut/Pois      0%         N/A       100%        6
 Plasma Beam              Fire/Air       2%         2x1d13    100%        6
 Simulacrum               Ice/Necr       0%         N/A       100%        6
 Starburst                Conj/Fire      1%         6d3       100%        6
 Statue Form              Tmut/Erth      0%         N/A       100%        6
 Monstrous Menagerie      Summ           0%         N/A       100%        7
 Summon Hydra             Summ           0%         N/A       100%        7


Dungeon Overview and Level Annotations

Branches:
Dungeon (13/15)            Temple (0/1) D:4            Lair (5/5) D:8
 Shoals (0/4) Lair:2       Spider (0/4) Lair:2        Slime (0/5) Lair:5
    Orc (2/2) D:12          IceCv (visited)
    Elf: Orc:2       Vaults: D:13-14

Altars:
Ashenzari
Cheibriados
Elyvilon
Hepliaklqana
Kikubaaqudgha
Makhleb
Qazlal
Sif Muna
Trog
Vehumet
Wu Jian
Xom
The Shining One

Annotations:
D:3 exclusion: downstairs
D:6 exclusion: downstairs
Lair:1 2 transporters, qeuew's ghost, novice MiFi
Lair:3 2 transporters, 3 runed translucent doors, Nefuv's ghost, journeyman MiBe
Lair:5 1 runed translucent door


Message History

Beogh accepts your kill.
The fiery explosion engulfs the ogre!!!
Beogh accepts your kill. x2
You feel a bit more experienced.
The ogre explodes!
The fiery explosion engulfs the two-headed ogre!!!
Beogh accepts your kill. x2
Beogh appreciates your killing of a heretic priest.
You feel a bit more experienced.
You hear an explosion!
The two-headed ogre explodes!
The ogre explodes! x2
The fiery explosion engulfs the ogre!!!
Beogh accepts your kill.
The ogre explodes!
The fiery explosion engulfs the ogre!!
Beogh accepts your kill.
The ogre explodes! x3
You are engulfed in blazing flames.
You hear a shout!
Bogdan hits the two-headed ogre with a +0 falchion.
Flame seeps out of the two-headed ogre.
The two-headed ogre is engulfed in blazing flames.
Beogh accepts your kill.
Your orc warrior looks more experienced.
The two-headed ogre explodes!
You feel very guilty. "You will pay for your transgression, mortal!"
The fiery explosion engulfs you!!
* * * LOW HITPOINT WARNING * * *
The fiery explosion engulfs Bogdan!!
Flame seeps out of Bogdan.
Bogdan is severely wounded.
Bogdan shouts!
The fiery explosion engulfs your orc priest!!!
Your orc priest explodes!
The fiery explosion engulfs Bogdan!
Flame seeps out of Bogdan.
Bogdan is almost dead.
The fiery explosion engulfs you!!
* * * LOW HITPOINT WARNING * * *
Your orc warrior is engulfed in blazing flames.
Flame seeps out of your orc warrior.
Your orc warrior hits something with a +0 hand axe!
Your orc warrior hits the two-headed ogre with a +0 hand axe.
Your orc warrior hits something with a +0 hand axe.
Beogh accepts your kill.
You feel a bit more experienced.
Your orc warrior hits something with a +0 hand axe!
Bogdan is engulfed in blazing flames.
Flame seeps out of Bogdan.
Bogdan hits you with a +0 falchion!
You die...
Beogh appreciates Bogdan's killing of a heretic priest.

##.###..#....
....#...#.. ....#.#..
#... ##......# ....
##......# ........
##.#.....#.......... #
#..............#....
...###§#§..#.#...#.##..#
#....§o@§..###..........
.....§○§§...#......#....
..###§○###..............
#§§§ ##.......#.....
#§§§§ #.............
#§§§§ #..#...##....#
#§§§§§ #..#...##...#.
#...O§ #..##.####.###
#....o #..#### ### #


You could see Bogdan the orc knight (inner flame) and a two-headed ogre.

Vanquished Creatures
  An azure jelly (Lair:5)
  The ghost of Fifowuza the Grappler, a journeyman DrTm of Wu Jian (Lair:4)
  Josephine (Orc:1)
  Erolcha (Orc:1)
  2 ogre magi (Orc:2)
  Erica (D:11)
  5 hydras
  A centaur warrior (D:8)
  16 death yaks
  14 two-headed ogres
  A tengu warrior (D:8)
  A boulder beetle (D:12)
  2 skysharks
  Lodul (D:11)
  A bog body (IceCv)
  A necromancer (IceCv)
  3 ugly things
  5 elephants (Lair:2)
  3 merfolk sirens (Lair:2)
  2 black mambas
  A gargoyle (D:12)
  6 cane toads
  2 ice statues (IceCv)
  A torpor snail (Lair:4)
  3 unseen horrors
  An anaconda simulacrum (IceCv)
  7 ice devils
  3 rime drakes
  8 komodo dragons
  3 trolls
  A merfolk (Lair:2)
  5 hornets
  5 polar bears
  2 dream sheep (Lair:5)
  11 slime creatures
  A jumping spider (Lair:2)
  31 yaks
  2 dire elephant simulacra (IceCv)
  13 spriggans (Lair:5)
  4 fire bats (D:12)
  6 wraiths
  8 wyverns
  A shadow (D:11)
  2 basilisks
  6 humans (D:10)
  A redback (Lair:2)
  A steam dragon (D:8)
  3 vampire mosquitoes (D:11)
  Edmund (D:5)
  2 wargs
  2 harpy simulacra (IceCv)
  5 hydra simulacra (IceCv)
  4 acid dragons
  A hell hound (D:12)
  14 water moccasins
  2 orc warriors
  2 black bears
  32 wolves
  23 ogres
  3 boggarts (Lair:5)
  A centaur (D:10)
  13 bullfrogs
  5 kobold brigands
  2 gnoll sergeants
  3 scorpions
  15 wights
  An elephant simulacrum (IceCv)
  10 killer bees
  2 lava snakes (D:12)
  3 gnoll boudas
  2 hounds (Lair:1)
  7 orc priests
  6 jellies
  5 iguanas
  8 orc wizards
  4 hell rats (Lair:1)
  2 troll simulacra (IceCv)
  A polar bear simulacrum (IceCv)
  16 gnolls
  4 adders
  A naga simulacrum (IceCv)
  A shadow imp (D:5)
  3 white imps
  An ufetubus (D:5)
  6 worms
  A dart slug (D:3)
  27 orcs
  5 bats
  3 endoplasms
  2 giant cockroaches
  5 goblins
  5 hobgoblins
  9 jackals
  18 kobolds
  12 ball pythons
  4 frilled lizards
  4 rats
  2 butterflies (Lair:4)
  2 fire vortices (D:12)
513 creatures vanquished.

Vanquished Creatures (collateral kills)
  A hydra (Lair:4)
  2 ogre magi (Orc:2)
  2 two-headed ogres (Orc:2)
  A death yak (Lair:5)
  A skyshark (Lair:5)
  A wizard (D:11)
  A black mamba (Lair:5)
  A cane toad (Lair:5)
  A polar bear (Lair:5)
  A hornet (Lair:5)
  4 slime creatures
  A spriggan (Lair:5)
  3 yaks (Lair:5)
  An orc warrior (D:10)
  6 ogres
  2 wolves (Lair:5)
  A jelly (Lair:5)
  2 orcs (Orc:2)
  A goblin (D:11)
  A kobold (D:9)
  A fire vortex (D:12)
35 creatures vanquished.

Vanquished Creatures (others)
  An orc high priest (Lair:5)
  An orc sorcerer (D:11)
  A deep elf pyromancer (D:10)
  An unseen horror (D:10)
  A yak (D:10)
  2 orc warriors
  A kobold brigand (D:10)
  A scorpion (D:6)
  A bullfrog (D:6)
  6 orc priests
  7 orc wizards
  3 orcs
  A kobold (D:9)
  5 spectral weapons
32 creatures vanquished.

Grand Total: 580 creatures vanquished

Notes
Turn   | Place    | Note
-------+----------+-------------------------------------------
     0 | D:1      | shadowrider38 the Hill Orc Air Elementalist began the quest
                  | for the Orb.
     0 | D:1      | Reached XP level 1. HP: 14/14 MP: 3/3
    83 | D:1      | Reached skill level 1 in Axes
   238 | D:1      | Reached XP level 2. HP: 17/20 MP: 4/4
   769 | D:1      | Reached skill level 3 in Axes
  1011 | D:2      | Reached XP level 3. HP: 24/26 MP: 0/5
  1907 | D:3      | Reached XP level 4. HP: 33/33 MP: 6/6
  2018 | D:3      | Learned a level 2 spell: Static Discharge
  2395 | D:3      | Reached skill level 1 in Fighting
  2711 | D:4      | Reached XP level 5. HP: 40/40 MP: 3/7
  3215 | D:4      | Found a staircase to the Ecumenical Temple.
  3511 | D:4      | Reached skill level 6 in Axes
  3814 | D:4      | Noticed an ice beast
  3967 | D:5      | Entered Level 5 of the Dungeon
  3986 | D:5      | Reached skill level 3 in Fighting
  3986 | D:5      | Reached XP level 6. HP: 43/51 MP: 0/8
  4290 | D:4      | Learned a level 3 spell: Swiftness
  5045 | D:5      | Found a white marble altar of Elyvilon.
  5045 | D:5      | Found a bloodstained altar of Trog.
  5050 | D:5      | Found an ancient bone altar of Kikubaaqudgha.
  5152 | D:5      | Reached XP level 7. HP: 16/60 MP: 9/9
  5334 | D:5      | Reached skill level 1 in Armour
  5415 | D:5      | Found a stormy altar of Qazlal.
  5416 | D:5      | Found an ornate altar of the Wu Jian Council.
  5418 | D:5      | Found a hazy altar of Hepliaklqana.
  5423 | D:5      | Found a burning altar of Makhleb.
  5914 | D:5      | Noticed Edmund
  5928 | D:5      | Killed Edmund
  6424 | D:6      | Reached XP level 8. HP: 66/70 MP: 10/10
  6429 | D:6      | Reached skill level 3 in Armour
  6484 | D:6      | Reached skill level 6 in Fighting
  6519 | D:6      | Became a worshipper of Beogh the Brigand
  6596 | D:6      | Found a broken altar of Ashenzari.
  6709 | D:6      | Found a shimmering blue altar of Sif Muna.
  7061 | D:7      | Reached skill level 9 in Axes
  7529 | D:7      | Noticed a troll
  8139 | D:7      | Identified the +0 chain mail "Ommeuceh" {+Inv Str-3 SInv
                  | Stlth-}
  8160 | D:8      | Noticed a wyvern
  8172 | D:8      | Killed a wyvern
  8453 | D:8      | Reached XP level 9. HP: 81/81 MP: 11/11
  8872 | D:8      | Noticed a brown ugly thing
  8908 | D:8      | Killed a brown ugly thing
  8909 | D:8      | Reached skill level 9 in Fighting
  8909 | D:8      | Reached skill level 6 in Armour
  9109 | D:8      | Reached * piety under Beogh
  9154 | D:8      | Reached skill level 12 in Axes
  9154 | D:8      | Reached XP level 10. HP: 75/93 MP: 12/12
  9301 | D:8      | Found a staircase to the Lair.
 10007 | D:8      | Identified the +0 glaive of Past Mistakes {freeze, Stlth+}
 10107 | D:8      | Found the +8 autumn katana {manifold assault}
 10109 | D:8      | Noticed a tengu warrior
 10110 | D:8      | Identified the +0 flail of Sloth {pain, *Slow rPois rN+++
                  | Int+3}
 10112 | D:8      | Noticed a centaur warrior
 10119 | D:8      | Killed a tengu warrior
 10122 | D:8      | Killed a centaur warrior
 10123 | D:8      | Reached skill level 3 in Dodging
 10563 | D:9      | Reached XP level 11. HP: 99/101 MP: 13/13
 10572 | D:9      | Noticed a two-headed ogre
 10586 | D:9      | Killed a two-headed ogre
 10746 | D:9      | Reached ** piety under Beogh
 11023 | D:9      | Identified the +1 dagger of the Blushing Oracle {flame,
                  | Str+2}
 11064 | D:9      | Reached skill level 15 in Axes
 11469 | D:9      | Found a snail-covered altar of Cheibriados.
 11657 | D:10     | Entered Level 10 of the Dungeon
 11737 | D:10     | Reached skill level 1 in Shields
 11858 | D:10     | Noticed a two-headed ogre
 11858 | D:10     | Noticed a deep elf pyromancer
 11886 | D:10     | Killed a two-headed ogre
 11944 | D:10     | Killed a deep elf pyromancer
 11997 | D:10     | Found a shimmering altar of Xom.
 11997 | D:10     | Noticed a two-headed ogre
 12136 | D:9      | Identified 2 scrolls of acquirement
 12136 | D:9      | Acquired 1201 gold pieces
 12187 | D:10     | Killed a two-headed ogre
 12188 | D:10     | Reached skill level 3 in Shields
 12365 | D:10     | Reached skill level 12 in Fighting
 12542 | D:10     | Identified the +9 great sword of Distant Shores {heavy,
                  | Dex+5}
 12562 | D:10     | Reached *** piety under Beogh
 13101 | D:11     | Noticed Erica
 13120 | D:11     | Killed Erica
 13121 | D:11     | Reached XP level 12. HP: 87/112 MP: 14/14
 13311 | D:11     | Reached skill level 6 in Shields
 13353 | D:11     | Noticed Lodul
 13374 | D:11     | Killed Lodul
 13633 | D:11     | Noticed a two-headed ogre
 13647 | D:11     | Killed a two-headed ogre
 13867 | D:11     | Gained Bogfrid as an ally
 13868 | D:11     | Found a radiant altar of Vehumet.
 14097 | Lair:1   | Entered Level 1 of the Lair of Beasts
 14103 | Lair:1   | Identified the +1 robe of a wizard's laboratory {rF+ Dex+3}
 14280 | Lair:1   | Found a transporter.
 14644 | Lair:1   | Found a transporter.
 14648 | Lair:1   | Noticed qeuew's ghost (novice MiFi)
 14649 | Lair:1   | Found the +11 plutonium sword {Contam Stlth-}
 14930 | Lair:2   | Noticed a seven-headed hydra
 14931 | Lair:2   | Found a shimmering altar of Xom.
 14936 | Lair:2   | Killed a seven-headed hydra
 14937 | Lair:2   | Reached skill level 9 in Armour
 14947 | Lair:2   | Reached skill level 9 in Shields
 15017 | Lair:2   | Identified the ring of Aheud {Fire rElec Str+5 Int+3}
 15050 | Lair:2   | Found a frozen archway.
 15076 | IceCv    | Entered an ice cave
 15146 | IceCv    | Reached **** piety under Beogh
 15481 | IceCv    | Reached XP level 13. HP: 100/122 MP: 15/15
 16090 | Lair:2   | Identified the +8 long sword of a ziggurat {holy, Dex+5}
 16160 | Lair:2   | Found a staircase to the Shoals.
 16219 | Lair:2   | Found a hole to the Spider Nest.
 16265 | Lair:2   | Reached skill level 15 in Fighting
 16276 | Lair:2   | Reached skill level 1 in Invocations
 16476 | Lair:2   | Reached ***** piety under Beogh
 16827 | Lair:2   | Reached skill level 3 in Invocations
 16972 | Lair:3   | shadowrider38: !nchoice
 16990 | Lair:3   | beem: VpCj: 0 wins || sanka: CXC, L9 Nimble of Vehumet ||
                  | Theoretic: CBR2, L1 Sneak of No God
 17003 | Lair:3   | shadowrider38: !nchoice hoae
 17036 | Lair:3   | beem: HOAE: 2 wins || Theoretic: CKO, L24 Slayer of Okawaru
                  | || Shadowablaze: CKO, L22 End of an Era of Qazlal ||
                  | removed: CAO, L20 Conqueror of Ru || Dani: CPO, L17
                  | Markshill orc of Okawaru || Tommu: CAO, L17 Green Death of
                  | Fedhas || jt: CXC, L14 Apostle of Beogh || shadowrider38:
                  | CBR2, L13 Severer of Beogh || yonee: CWZ, L8 Fighter of No
                  | God || Yrkkud: CKO, L7 Chopper of No God || Chish: CKO, L1
 17036 | Lair:3   | beem: Gusty of No God
 17240 | Lair:3   | Noticed a minotaur
 17240 | Lair:3   | Noticed Nefuv's ghost (journeyman MiBe)
 17300 | Lair:3   | Found a transporter.
 17325 | Lair:3   | Found a runed translucent gate.
 17325 | Lair:3   | Found a runed translucent gate.
 17325 | Lair:3   | Found a runed translucent gate.
 17383 | Lair:3   | Found a transporter.
 18368 | Lair:2   | Reached XP level 14. HP: 110/136 MP: 16/18
 18878 | Lair:4   | Reached skill level 6 in Invocations
 19051 | Lair:4   | Found a runed translucent gate.
 19051 | Lair:4   | Found a runed translucent gate.
 19051 | Lair:4   | Found a runed translucent gate.
 19054 | Lair:4   | Noticed Fifowuza's ghost (journeyman DrTm)
 19222 | Lair:4   | Identified the +0 chain mail of the Undertaker {Will++
                  | Regen+ Slay-5}
 19494 | Lair:4   | Killed Fifowuza's ghost
 19619 | Lair:5   | Entered Level 5 of the Lair of Beasts
 19638 | Lair:5   | Found a runed translucent door.
 19639 | Lair:5   | Found a staircase to the Slime Pits.
 19876 | Lair:5   | Noticed an azure jelly
 19886 | Lair:5   | Killed an azure jelly
 19889 | Lair:5   | Gained Harm as an ally
 20278 | Lair:5   | Reached skill level 12 in Armour
 20278 | Lair:5   | Reached skill level 12 in Shields
 20316 | Lair:5   | Your ally Harm died
 20360 | Lair:5   | Reached ****** piety under Beogh
 20715 | Lair:5   | Paralysed by a hornet for 1 turns
 21229 | Lair:5   | Identified the +3 mace of Clean Gallantry {spect, rElec rC-
                  | rN+++ Will-}
 21401 | Lair:5   | Reached XP level 15. HP: 147/147 MP: 20/20
 21439 | Lair:5   | Found a glowing golden altar of the Shining One.
 21885 | D:12     | Found a staircase to the Orcish Mines.
 21961 | D:12     | Gained Brandogh as an ally
 22513 | Orc:1    | Entered Level 1 of the Orcish Mines
 22513 | Orc:1    | Noticed Josephine
 22520 | Orc:1    | Your ally Brandogh died
 22523 | Orc:1    | Killed Josephine
 22701 | Orc:1    | Noticed Erolcha
 22707 | Orc:1    | Your ally Bogfrid died
 22738 | Orc:1    | Killed Erolcha
 22816 | Orc:2    | Entered Level 2 of the Orcish Mines
 22850 | Orc:2    | Reached skill level 18 in Axes
 22952 | Orc:2    | Gained Bogdan as an ally
 22959 | Orc:2    | Reached skill level 18 in Fighting
 22974 | Orc:2    | Gained Wardok as an ally
 22976 | Orc:2    | Your ally Wardok died
 22980 | Orc:2    | Was placed under penance by Beogh
 22981 | Orc:2    | HP: 5/149 [spore (23)]
 22982 | Orc:2    | Slain by Bogdan the orc knight

Illustrated notes

Levels and vault maps discovered:
D:1:      onia_arrival_pyramid, layout_basic, minmay_tromino_v4_a
D:2:      wander_river, layout_basic
D:3:      layout_rooms
D:4:      layout_cave_pools, minmay_temple_entry_ruins
D:5:      layout_loops_cross, nicolae_overflow_hallway_of_the_gods,
          dk_noncrumbling_4, uniq_edmund
D:6:      layout_rooms, cheibrodos_ashenzari_chains, lemuel_blue_sif_altar
D:7:      layout_loops_ring, minivault_5
D:8:      minmay_the_grid_octo_triangle [minmay_the_grid_octo_odd_swirl,
          minmay_the_grid_octo_prize_single_spiral,
          minmay_the_grid_octo_thin_diamonds], layout_rooms,
          minmay_lair_entry_grove, serial_rivers, chequers_serial_rivers_room_a,
          chequers_serial_rivers_small_a, chequers_serial_rivers_micro_c,
          chequers_serial_rivers_marsh, chequers_serial_rivers_large_b,
          chequers_serial_rivers_room_b, dk_vineyard_1
D:9:      layout_roguey, chei_slow_surprise
D:10:     layout_loops_ring, xom_confusion_cloud, minmay_ruffians
D:11:     layout_loops_ring, vehumet_altar_wand_db, uniq_lodul, uniq_erica
D:12:     layout_loops_ring, orc_0_dummy, hangedman_incinerator
D:13:     layout_roguey, ximxim_vaults_locker_room
Lair:1:   beast_lair_carwin_large_1, layout_chaotic_city,
          gammafunk_ghost_berserking_beasts
Lair:2:   layout_hall_layers, elwin_shoals_entry_stream, spider_nest_entry_a,
          basic_altar, portal_ice_cave_demonic_guard
Lair:3:   gammafunk_cloud_chamber, layout_chaotic_city,
          maelrawn_ghost_gauntlet_escape, st_stairs_12
Lair:4:   layout_small_grid, gammafunk_ghost_hydra_chop,
          chequers_serial_rivers_marsh, lemuel_fruit_tree, lemuel_fruit_fields
Lair:5:   minmay_lair_end_enchanted_forest, layout_gridlike, slime_entry_2,
          basic_altar, nicolae_lair_time_for_slime
Orc:1:    layout_caves, serial_shops, shop, uniq_fannar, uniq_josephine,
          uniq_erolcha
Orc:2:    st_orc_ogre_mass, layout_caves, gammafunk_ghost_necromancy,
          lemuel_statue_altar

Skill      XL: |  1  2  3  4  5  6  7  8  9 10 11 12 13 14 15 |
---------------+----------------------------------------------+-----
Axes           | 2 3 4 5 6 7 8 10 12 14 16 17 18 | 18.0
Fighting       | 1 3 4 5 7 10 12 13 15 17 18 | 18.2
Armour         | 2 4 6 7 8 9 11 12 | 12.3
Dodging        | 3 4 |  4.7
Shields        | 5 9 11 12 | 12.3
Invocations    | 5 6 |  6.7
Stealth        | |  1.5
Spellcasting   | |  1.5
Conjurations   | |  1.0
Air Magic      | |  2.4

Action                     |  1- 3 |  4- 6 |  7- 9 | 10-12 | 13-15 || total
---------------------------+-------+-------+-------+-------+-------++-------
  Melee: Dagger            |    42 |       |       |       |       ||    42
         Short sword       |    69 |   174 |       |       |       ||   243
         Punch             |       |     5 |     2 |     6 |       ||    13
         Hand axe          |       |    52 |    22 |       |       ||    74
         War axe           |       |       |   271 |   545 |   270 ||  1086
         Flail             |       |       |       |     3 |    17 ||    20
         Broad axe         |       |       |       |       |   252 ||   252
   Cast: Shock             |    47 |    52 |       |       |       ||    99
         Static Discharge  |       |    10 |       |       |       ||    10
 Invoke: Convert to Beogh  |       |       |     1 |       |       ||     1
  Evoke: Wand              |       |     6 |     5 |     1 |       ||    12
         Phantom mirror    |       |       |       |     2 |     2 ||     4
         Lightning rod     |       |       |       |       |     6 ||     6
    Use: Scroll            |     3 |     3 |     8 |    12 |     9 ||    35
         Potion            |       |     3 |       |     1 |       ||     4
   Stab: Sleeping          |     1 |       |       |       |       ||     1
         Invisible         |       |     1 |       |     1 |       ||     2
         Distracted        |       |       |       |     4 |     7 ||    11
 Armour: Robe              |    16 |    39 |       |       |       ||    55
         Plate armour      |       |    11 |   150 |   213 |   295 ||   669
  Dodge: Dodged            |    68 |   110 |    55 |    77 |    67 ||   377
  Block: Other             |    26 |    48 |    70 |    39 |       ||   183
         Reflection        |       |       |       |    12 |     5 ||    17
         Kite shield       |       |       |       |   171 |   365 ||   536
